 Dungeon Crawl Stone Soup version 0.29.1-15-g9cfb28693d (webtiles) character file.

Game seed: 5954546206469057975

2090 Figureslego113 the Shield-Bearer (level 9, -5/111 HPs)
             Began as a Gnoll Fighter on Apr 8, 2023.
             Was an Initiate of Qazlal.
             Slain by a two-headed ogre
             ... wielding a +0 giant club
              (13 damage)
             ... on level 8 of the Dungeon.
             The game lasted 00:31:47 (11776 turns).

Figureslego113 the Shield-Bearer (Gnoll Fighter)   Turns: 11776, Time: 00:31:47

Health: -5/111     AC: 24    Str: 17    XL:     9   Next: 27%
Magic:  15/15      EV:  2    Int:  7    God:    Qazlal [......]
Gold:   442        SH:  6    Dex: 15    Spells: 16/16 levels left

rFire   . . .      SeeInvis .   a - +0 rapier
rCold   . . .      Faith    .   c - +0 buckler
rNeg    . . .      Spirit   .   (body armour currently unavailable)
rPois   +          Reflect  .   (helmet currently unavailable)
rElec   .          Harm     .   (cloak currently unavailable)
rCorr   .          Rampage  .   (gloves currently unavailable)
Will    .....      NoTele   +   (boots currently unavailable)
Stlth   +++.......              (no amulet)
HPRegen 0.28/turn               (no ring)
MPRegen 0.14/turn               (no ring)

@: tree-form
A: stationary, stasis, torment immunity, boosted hp, (fangs 1), strong nose,
distributed training, (fire resistance 1)
a: Renounce Religion


You were on level 8 of the Dungeon.
You worshipped Qazlal.
Qazlal was noncommittal.
You were a tree.
You visited 2 branches of the dungeon, and saw 10 of its levels.

You collected 442 gold pieces.

Inventory:

Hand Weapons
 a - a +0 rapier (weapon)
Missiles
 i - a throwing net
 o - 42 stones (quivered)
Armour
 b - a +0 scale mail (melded)
 c - a +0 buckler (worn)
 h - a +0 cloak (melded)
 x - a +0 pair of boots (melded)
Jewellery
 y - a ring of fire
Wands
 d - a wand of iceblast (15)
 z - a wand of polymorph (6)
 B - a wand of acid (4)
 C - a wand of digging (7)
Scrolls
 e - a scroll of butterflies {unknown}
 f - a scroll of summoning {unknown}
 g - a scroll of immolation {unknown}
 j - 6 scrolls of identify
 k - a scroll of silence {unknown}
 m - a scroll of vulnerability {unknown}
 n - 2 scrolls of teleportation
 p - 6 scrolls of fear
 r - a scroll of acquirement {unknown}
 s - a scroll of enchant weapon {unknown}
 u - 2 scrolls of blinking {unknown}
 v - a scroll of brand weapon {unknown}
 E - a scroll of poison {unknown}
 F - a scroll of amnesia {unknown}
Potions
 l - a potion of brilliance
 t - 3 potions of heal wounds
 w - 2 potions of flight
 A - 2 potions of attraction
 G - 2 potions of curing


   Skills:
 + Level 7.9 Fighting
 + Level 6.3 Short Blades
 + Level 4.2 Long Blades
 + Level 4.2 Axes
 + Level 4.2 Maces & Flails
 + Level 4.2 Polearms
 + Level 4.2 Staves
 + Level 4.2 Ranged Weapons
 + Level 4.2 Throwing
 + Level 7.9 Armour
 + Level 4.2 Dodging
 + Level 4.2 Stealth
 + Level 7.9 Shields
 + Level 4.2 Unarmed Combat
 + Level 4.2 Spellcasting
 + Level 3.5 Conjurations
 + Level 3.5 Hexes
 + Level 3.5 Summonings
 + Level 3.5 Necromancy
 + Level 3.5 Translocations
 + Level 3.5 Transmutations
 + Level 3.5 Fire Magic
 + Level 3.5 Ice Magic
 + Level 3.5 Air Magic
 + Level 3.5 Earth Magic
 + Level 3.5 Poison Magic
 + Level 4.6 Invocations
 + Level 4.2 Evocations


You had 16 spell levels left.
You didn't know any spells.
Your spell library contained the following spells:

 Spells                   Type           Power      Damage    Failure   Level
 Foxfire                  Conj/Fire      24%        2x1d5     9%          1
 Conjure Flame            Conj/Fire      6%         6-21      26%         3
 Gell's Gravitas          Tloc           6%         N/A       26%         3
 Inner Flame              Hex/Fire       6%         N/A       26%         3
 Lesser Beckoning         Tloc           6%         N/A       26%         3
 Ozocubu's Armour         Ice            6%         N/A       26%         3
 Portal Projectile        Hex/Tloc       12%        N/A       26%         3
 Teleport Other           Tloc           6%         N/A       26%         3
 Tukima's Dance           Hex            6%         N/A       26%         3
 Flame Wave               Conj/Fire      6%         2d5       65%         4
 Passage of Golubria      Tloc           6%         N/A       65%         4
 Blade Hands              Tmut           3%         N/A       94%         5
 Silence                  Hex/Air        3%         N/A       94%         5
 Ozocubu's Refrigeration  Ice            3%         4d8       100%        7
 Lehudib's Crystal Spear  Conj/Erth      3%         10d2      100%        8


Dungeon Overview and Level Annotations

Branches:
Dungeon (9/15)             Temple (1/1) D:6
   Lair: D:8-11         Orc: D:9-12

Altars:
Ashenzari
Dithmenos
Elyvilon
Gozag
Hepliaklqana
Kikubaaqudgha
Nemelex Xobeh
Okawaru
Qazlal
Ru
Sif Muna
Trog
Uskayaw
Vehumet
Wu Jian
Xom
Yredelemnul
Zin
The Shining One

Shops:
D:1 !   D:7 [?[(*

Annotations:
D:8 Joseph


Innate Abilities, Weirdness & Mutations

You are a tree.
Your roots penetrate the ground, keeping you stationary.
You cannot be teleported.
You are immune to unholy pain and torment.
Your maximum health is greatly increased.
Your equipment is partially melded.
((You have very sharp teeth.))
Your uncanny sense of smell can sniff out nearby items.
Your experience applies equally to all skills.
((Your flesh is heat resistant. (rF+)))


Message History

Aim: a two-headed ogre, wielding two +0 giant clubs (lightly wounded, 77% to hit)
You throw a stone.
The stone hits the two-headed ogre but does no damage.
The two-headed ogre is lightly wounded.
The two-headed ogre attacks as you move away!
You block the two-headed ogre's attack.
The two-headed ogre hits you with a +0 giant club!!
The two-headed ogre attacks as you move away!
The two-headed ogre hits you with a +0 giant club!
The two-headed ogre closely misses you.
You see here a potion of lignification.
q - a potion of lignification Really quaff the potion of lignification?
You turn into a tree.
Your +0 cloak melds into your body.
Your +0 pair of boots melds into your body.
Your +0 scale mail melds into your body.
Your roots penetrate the ground.
The two-headed ogre hits you but does no damage. x2
You barely miss the two-headed ogre. You puncture the two-headed ogre!
The two-headed ogre is lightly wounded.
The two-headed ogre hits you but does no damage.
The two-headed ogre hits you with a +0 giant club!
You puncture the two-headed ogre!
The two-headed ogre is moderately wounded.
The two-headed ogre hits you with a +0 giant club!!
* * * LOW HITPOINT WARNING * * *
The two-headed ogre hits you with a +0 giant club.
* * * LOW HITPOINT WARNING * * *
You hit the two-headed ogre but do no damage.
The two-headed ogre is moderately wounded.
You barely miss the two-headed ogre.
The two-headed ogre is moderately wounded.
The two-headed ogre hits you but does no damage. x2
You hit the two-headed ogre.
The two-headed ogre is moderately wounded.
The two-headed ogre hits you with a +0 giant club!!
* * * LOW HITPOINT WARNING * * *
The two-headed ogre hits you with a +0 giant club!
You die...

#...### ##.....######
####...########..O........
##<....##.....##.###.......
##..........................
#.................#.###.....
#.......<.........[.# ######
#..................##
#.................##########
#..........♣O...............
#.................#########.
##..........................
##.....#......#########....
########.#...# #####...#
#.#...# #........ #.....#
#....>... ###...# #........
#...# #........


You could see a two-headed ogre.

Vanquished Creatures
  A black bear (D:5)
  2 orc warriors
  An ice beast (D:7)
  A sky beast (D:7)
  An ogre (D:6)
  A centaur (D:8)
  The ghost of domi the Digger, an amateur MeEE (D:5)
  A phantom (D:6)
  A kobold brigand (D:7)
  3 scorpions
  A bullfrog (D:8)
  2 howler monkeys (D:4)
  4 hounds
  4 orc priests
  3 jellies
  A gnoll bouda (D:8)
  5 iguanas
  Ijyb (D:5)
  5 orc wizards
  7 gnolls
  4 adders
  A shadow imp (D:5)
  3 white imps
  3 worms
  4 dart slugs
  18 orcs
  8 bats
  11 endoplasms
  5 giant cockroaches
  10 hobgoblins
  12 jackals
  2 quokkas (D:4)
  4 ball pythons
  2 frilled lizards
  10 goblins
  8 kobolds
  3 rats
154 creatures vanquished.

Vanquished Creatures (others)
  A gnoll (D:8)
  2 withered plants (D:5)
3 creatures vanquished.

Grand Total: 157 creatures vanquished

Notes
Turn   | Place    | Note
-------+----------+-------------------------------------------
     0 | D:1      | Figureslego113 the Gnoll Fighter began the quest for the
                  | Orb.
     0 | D:1      | Reached XP level 1. HP: 23/23 MP: 1/1
   243 | D:1      | Reached XP level 2. HP: 29/29 MP: 2/2
   418 | D:1      | Found Ekless's Distillery.
   510 | D:1      | Reached XP level 3. HP: 26/35 MP: 3/3
   708 | D:1      | Reached skill level 1 in Invocations
  1293 | D:2      | Reached skill level 1 in Long Blades
  1293 | D:2      | Reached skill level 1 in Axes
  1293 | D:2      | Reached skill level 1 in Maces & Flails
  1293 | D:2      | Reached skill level 1 in Polearms
  1293 | D:2      | Reached skill level 1 in Staves
  1293 | D:2      | Reached skill level 1 in Ranged Weapons
  1293 | D:2      | Reached skill level 1 in Throwing
  1293 | D:2      | Reached skill level 1 in Dodging
  1293 | D:2      | Reached skill level 1 in Stealth
  1293 | D:2      | Reached skill level 1 in Unarmed Combat
  1293 | D:2      | Reached skill level 1 in Spellcasting
  1293 | D:2      | Reached skill level 1 in Evocations
  1384 | D:2      | Reached XP level 4. HP: 41/41 MP: 5/5
  1542 | D:2      | Found a faded altar of an unknown god.
  2080 | D:3      | Reached skill level 1 in Conjurations
  2080 | D:3      | Reached skill level 1 in Hexes
  2080 | D:3      | Reached skill level 1 in Summonings
  2080 | D:3      | Reached skill level 1 in Necromancy
  2080 | D:3      | Reached skill level 1 in Translocations
  2080 | D:3      | Reached skill level 1 in Transmutations
  2080 | D:3      | Reached skill level 1 in Fire Magic
  2080 | D:3      | Reached skill level 1 in Ice Magic
  2080 | D:3      | Reached skill level 1 in Air Magic
  2080 | D:3      | Reached skill level 1 in Earth Magic
  2080 | D:3      | Reached skill level 1 in Poison Magic
  2378 | D:3      | Found a broken altar of Ashenzari.
  3289 | D:4      | Reached XP level 5. HP: 39/47 MP: 7/7
  3647 | D:4      | Reached XP level 6. HP: 15/53 MP: 8/8
  3828 | D:4      | Reached skill level 5 in Short Blades
  4145 | D:4      | Found an ornate altar of the Wu Jian Council.
  4166 | D:4      | Found an iron altar of Okawaru.
  5011 | D:4      | Found a sacrificial altar of Ru.
  5172 | D:5      | Entered Level 5 of the Dungeon
  5242 | D:5      | Noticed a black bear
  5294 | D:4      | Reached XP level 7. HP: 15/60 MP: 10/10
  6301 | D:5      | Noticed Ijyb
  6359 | D:5      | Killed Ijyb
  6789 | D:5      | Found a runed translucent door.
  6789 | D:5      | Noticed domi's ghost (amateur MeEE)
  6986 | D:5      | Killed domi's ghost
  7278 | D:6      | Reached XP level 8. HP: 38/67 MP: 12/12
  7534 | D:6      | Found a staircase to the Ecumenical Temple.
  7544 | Temple   | Entered the Ecumenical Temple
  7628 | Temple   | Became a worshipper of Qazlal Stormbringer
  8524 | D:6      | You fall into a shaft and drop 3 floors!
  8799 | D:7      | Found Fyoggeuh's Magic Scroll Boutique.
  8808 | D:7      | Noticed a gargoyle
  8809 | D:7      | Found Exeenyne's Antique Armour Boutique.
  9961 | D:7      | Found Logof's Antique Weapon Boutique.
  9977 | D:7      | Found Tipem's Antique Armour Shoppe.
  9992 | D:7      | Gained mutation: You are somewhat resistant to further
                  | mutation. [potion of mutation]
 10279 | D:7      | Reached XP level 9. HP: 50/73 MP: 13/15
 10403 | D:7      | Identified the +7 rapier "Xeukhaj" {pain, rC++ Will+++
                  | Str-4 Dex-4}
 10415 | D:7      | Found Ytamu's General Store.
 10855 | D:8      | Noticed a two-headed ogre
 10858 | D:8      | Noticed Joseph
 11740 | D:8      | Lost mutation: You are somewhat resistant to further
                  | mutation. [potion of mutation]
 11740 | D:8      | Gained mutation: Your flesh is heat resistant. (rF+)
                  | [potion of mutation]
 11776 | D:8      | Slain by a two-headed ogre

Illustrated notes

Levels and vault maps discovered:
D:1:      ncdulo_lavacross, layout_loops_ring, serial_shops, shop,
          minmay_crystal_room, skrybe_limestone_x, reono_crystal_passage,
          bh_walls_and_bars
D:2:      layout_basic, shapermc_ecumenical_altar_mp_highgroup
D:3:      layout_rooms, cheibrodos_ashenzari_chains, minivault_4
D:4:      layout_basic, kennysheep_little_box,
          mainiacjoe_overflow_large_starburst
D:5:      layout_cave_pools, gammafunk_ghost_grave, uniq_ijyb
D:6:      layout_basic, minmay_temple_entry_junction
D:7:      layout_rooms, lemuel_crystal_altar, serial_shops, nicolae_shop_stone,
          shop_coins, kennysheep_mini_moat, shop, nicolae_shop_behind_doors
D:8:      layout_rooms, uniq_joseph
D:9:      layout_basic, lemuel_tele_altar, orc_0_dummy
Temple:   minmay_freezing_vapour_temple

Skill      XL: |  1  2  3  4  5  6  7  8 |
---------------+-------------------------+-----
Invocations    | 1 2 3 4 |  4.6
Long Blades    | 1 2 3 4 |  4.2
Axes           | 1 2 3 4 |  4.2
Maces & Flails | 1 2 3 4 |  4.2
Polearms       | 1 2 3 4 |  4.2
Staves         | 1 2 3 4 |  4.2
Ranged Weapons | 1 2 3 4 |  4.2
Throwing       | 1 2 3 4 |  4.2
Dodging        | 1 2 3 4 |  4.2
Stealth        | 1 2 3 4 |  4.2
Unarmed Combat | 1 2 3 4 |  4.2
Spellcasting   | 1 2 3 4 |  4.2
Evocations     | 1 2 3 4 |  4.2
Conjurations   | 1 2 3 |  3.5
Hexes          | 1 2 3 |  3.5
Summonings     | 1 2 3 |  3.5
Necromancy     | 1 2 3 |  3.5
Translocations | 1 2 3 |  3.5
Transmutations | 1 2 3 |  3.5
Fire Magic     | 1 2 3 |  3.5
Ice Magic      | 1 2 3 |  3.5
Air Magic      | 1 2 3 |  3.5
Earth Magic    | 1 2 3 |  3.5
Poison Magic   | 1 2 3 |  3.5
Short Blades   | 5 6 |  6.3
Fighting       | 7 |  7.9
Armour         | 7 |  7.9
Shields        | 7 |  7.9

Action                   |  1- 3 |  4- 6 |  7- 9 || total
-------------------------+-------+-------+-------++-------
Melee: Rapier            |   142 |   314 |   542 ||   998
       Bite              |    11 |    33 |    62 ||   106
       Unarmed           |       |       |    19 ||    19
Throw: Stone             |       |       |     2 ||     2
  Use: Potion            |       |     3 |    15 ||    18
       Scroll            |       |       |     4 ||     4
Armor: Scale mail        |    96 |   111 |   176 ||   383
       Skin              |       |    26 |    10 ||    36
Dodge: Dodged            |    82 |   125 |   216 ||   423
Block: Buckler           |    52 |    61 |   149 ||   262
